 Dungeon Crawl Stone Soup version 0.27.1-37-g7b29ead8ac (webtiles) character file.

Game seed: 14075139400867291849

2741200 sahdkjhfkaj the Acrobat (level 27, 224/224 HPs)
             Began as an Octopode Earth Elementalist on Feb 26, 2023.
             Was a High Priest of Ashenzari.
             Escaped with the Orb
             ... and 5 runes on Feb 28, 2023!
             The game lasted 03:55:24 (92859 turns).

sahdkjhfkaj the Acrobat (OpEE)                     Turns: 92859, Time: 03:55:25

Health: 224/224    AC:  3    Str: 23      XL:     27
Magic:  38/38      EV: 36    Int: 37 (38) God:    Ashenzari [*****.]
Gold:   4774       SH: 22    Dex: 19      Spells: 29/67 levels left

rFire    + + .     SeeInvis +     - Unarmed
rCold    + + +     Faith    .   C - +2 shield of Resistance {rF++ rC++ Will++, Cun, Self} (curse)
rNeg     . . .     Spirit   .   G - +2 hat "Chained Soothsayer" {Will+, Melee, Bglg} (curse)
rPois    .         Reflect  +   M - amulet of Apeoromancy {Reflect SH+5, Self, Evo} (curse)
rElec    .         Harm     .   f - ring "Bound Water Diviner" {Str+6, Bglg, Alch} (curse)
rCorr    +         Rampage  .   d - ring of the Ether {Wiz +Blink Dex+3 Slay+2, Elem, Melee} (curse)
Will     +++++     Clarity  +   t - ring of the Eye in the Sky {rCorr, Fort, Evo} (curse)
Stlth    ++++......             I - ring of Supernal Wisdom {Int+6, Self, Evo} (curse)
HPRegen  0.47/turn              X - ring of Toth-Mos's Legacy {EV+4 Dex+4, Melee, Alch} (curse)
MPRegen  0.26/turn              Q - ring "Inaction of Ashenzari" {Slay+4, Evo, Bglg} (curse)
                                U - ring of Ashenzari's Gloom {Int+6, Self, Range} (curse)
                                Z - ring of the Profound Regret {Fly rC+ Str+7, Elem, Cun} (curse)

@: flying, studying Maces & Flails
A: almost no armour, amphibious, 8 rings, camouflage 2, gelatinous body 1,
(nimble swimmer 1), tentacles, clarity, deterioration 1, low mp 2, mutation
resistance 1, weak 1
0: Orb of Zot
}: 5/15 runes: decaying, slimy, silver, abyssal, gossamer
a: Renounce Religion, Evoke Blink, Curse Item, Shatter the Chains


You escaped.
You worshipped Ashenzari.
Ashenzari was extremely pleased with you.
You visited 12 branches of the dungeon, and saw 56 of its levels.
You visited the Abyss 1 time.
You also visited: Ice Cave and Desolation.

You collected 8382 gold pieces.
You spent 3608 gold pieces at shops.

Inventory:

Missiles
 q - 3 throwing nets {!f}
 D - 5 curare-tipped darts
Armour
 C - the cursed +2 shield of Resistance (worn) {rF++ rC++ Will++, Cun, Self}
   (You found it on level 9 of the Dungeon)

   rF:        It greatly protects you from fire.
   rC:        It greatly protects you from cold.
   Will:      It greatly increases your willpower.
   It has a curse which improves the following skills: Cunning: Dodging and
   Stealth.
   Introspection: Fighting and Spellcasting.
 G - the cursed +2 hat "Chained Soothsayer" (worn) {Will+, Melee, Bglg}
   (You took it off Gastronok on level 11 of the Dungeon)

   It has a curse which improves the following skills: Melee Combat: Short
   Blades, Long Blades, Axes, Maces & Flails, Polearms, Staves and Unarmed
   Combat.
   Beguiling: Conjurations, Hexes and Translocations.
Jewellery
 a - the amulet of the Real Monster {Acrobat rC+ Dex+3 Stlth+}
   (You took it off a deep elf death mage on level 3 of the Elven Halls)

   [amulet of the acrobat]

   It increases your evasion while moving and waiting.
   Dex:       It affects your dexterity (+3).
   rC:        It protects you from cold.
   Stlth:     It makes you more stealthy.
 d - the cursed ring of the Ether (right tentacle) {Wiz +Blink Dex+3 Slay+2, Elem, Melee}
   (You acquired it on level 5 of the Dungeon)

   [ring of wizardry]

   It improves your spell success rate.
   Dex:       It affects your dexterity (+3).
   Slay:      It affects your accuracy & damage with ranged weapons and melee
   (+2).
   +Blink:    It lets you blink.
   It has a curse which improves the following skills: Elements: Fire Magic, Ice
   Magic, Air Magic and Earth Magic.
   Melee Combat: Short Blades, Long Blades, Axes, Maces & Flails, Polearms,
   Staves and Unarmed Combat.
 f - the cursed ring "Bound Water Diviner" (left tentacle) {Str+6, Bglg, Alch}
   (You found it on level 1 of the Dungeon)

   [ring of strength]

   Str:       It affects your strength (+6).
   It has a curse which improves the following skills: Beguiling: Conjurations,
   Hexes and Translocations.
   Alchemy:   Poison Magic and Transmutations.
 o - a +4 ring of slaying
 t - the cursed ring of the Eye in the Sky (on tentacle) {rCorr, Fort, Evo}
   (You found it on level 7 of the Dungeon)

   [ring of resist corrosion]

   rCorr:     It protects you from acid and corrosion.
   It has a curse which improves the following skills: Fortitude: Shields.
   Evocations: Evocations.
 I - the cursed ring of Supernal Wisdom (on tentacle) {Int+6, Self, Evo}
   (You found it on level 14 of the Dungeon)

   [ring of intelligence]

   Int:       It affects your intelligence (+6).
   It has a curse which improves the following skills: Introspection: Fighting
   and Spellcasting.
   Evocations: Evocations.
 M - the cursed amulet of Apeoromancy (around mantle) {Reflect SH+5, Self, Evo}
   (You took it off a wizard on level 1 of the Vaults)

   [amulet of reflection]

   It reflects blocked missile attacks.
   SH:        It affects your SH (+5).
   It has a curse which improves the following skills: Introspection: Fighting
   and Spellcasting.
   Evocations: Evocations.
 Q - the cursed ring "Inaction of Ashenzari" (on tentacle) {Slay+4, Evo, Bglg}
   (You found it on level 3 of the Spider Nest)

   [ring of slaying]

   Slay:      It affects your accuracy & damage with ranged weapons and melee
   (+4).
   It has a curse which improves the following skills: Evocations: Evocations.
   Beguiling: Conjurations, Hexes and Translocations.
 U - the cursed ring of Ashenzari's Gloom (on tentacle) {Int+6, Self, Range}
   (You found it on level 3 of the Spider Nest)

   [ring of intelligence]

   Int:       It affects your intelligence (+6).
   It has a curse which improves the following skills: Introspection: Fighting
   and Spellcasting.
   Ranged Combat: Slings, Bows, Crossbows and Throwing.
 W - the ring of the Duke {rPois rC- Will+ Str+6 Int+4}
   (You found it in the Desolation of Salt)

   [ring of strength]

   Str:       It affects your strength (+6).
   Int:       It affects your intelligence (+4).
   rC:        It makes you vulnerable to cold.
   rPois:     It protects you from poison.
   Will:      It increases your willpower.
 X - the cursed ring of Toth-Mos's Legacy (on tentacle) {EV+4 Dex+4, Melee, Alch}
   (You took it off a deep elf annihilator on level 3 of the Elven Halls)

   [ring of evasion]

   EV:        It affects your evasion (+4).
   Dex:       It affects your dexterity (+4).
   It has a curse which improves the following skills: Melee Combat: Short
   Blades, Long Blades, Axes, Maces & Flails, Polearms, Staves and Unarmed
   Combat.
   Alchemy:   Poison Magic and Transmutations.
 Z - the cursed ring of the Profound Regret (on tentacle) {Fly rC+ Str+7, Elem, Cun}
   (You took it off a deep elf annihilator on level 3 of the Elven Halls)

   [ring of protection from cold]

   Str:       It affects your strength (+7).
   rC:        It protects you from cold.
   Fly:       It grants you flight.
   It has a curse which improves the following skills: Elements: Fire Magic, Ice
   Magic, Air Magic and Earth Magic.
   Cunning:   Dodging and Stealth.
Wands
 c - a wand of flame (126)
 u - a wand of digging (22)
 B - a wand of iceblast (49)
 E - a wand of mindburst (12)
 P - a wand of paralysis (13)
Scrolls
 e - 6 scrolls of enchant armour {!r}
 g - a scroll of holy word {!r}
 k - 5 scrolls of vulnerability {!r}
 n - 6 scrolls of enchant weapon {!r}
 r - 5 scrolls of amnesia {!r}
 v - 18 scrolls of teleportation {!r}
 x - 5 scrolls of magic mapping {!r}
 y - 4 scrolls of fog {!r}
 J - 5 scrolls of blinking {!r}
 O - a scroll of brand weapon {!r}
 S - 4 scrolls of fear {!r}
 T - a scroll of summoning {!r}
Potions
 h - 9 potions of brilliance {!q}
 i - 9 potions of flight {!q}
 j - 4 potions of cancellation {!q}
 l - 10 potions of haste {!q}
 m - 13 potions of lignification {!q}
 s - 23 potions of curing {!q}
 A - 3 potions of invisibility {!q}
 F - 12 potions of ambrosia {!q}
 K - 2 potions of resistance {!q}
 L - 3 potions of magic {!q}
 N - a potion of might {!q}
 V - 7 potions of heal wounds {!q}
Miscellaneous
 b - a lightning rod (4/4)
 w - a phial of floods
 z - a box of beasts
 H - a phantom mirror
 R - a tin of tremorstones (2/2)
 Y - a condenser vane


   Skills:
 + Level 22.2(27) Fighting
 - Level 24.1(27) Dodging
 - Level 17.5(20.7) Stealth
 - Level 13.8(16.0) Shields
 + Level 23.2(27) Unarmed Combat
 - Level 15.3(20.9) Spellcasting
 - Level 4.0(8.8) Conjurations
 - Level 5.0 Necromancy
 - Level 7.8(11.8) Transmutations
 - Level 18.8(22.0) Earth Magic
 - Level 14.8(20.5) Evocations


You had 29 spell levels left.
You knew the following spells:

 Your Spells              Type           Power      Damage    Failure   Level
d - Borgnjor's Vile Clut  Necr/Erth      47%        N/A       1%          5
e - Iron Shot             Conj/Erth      50%        9d10      1%          6
A - Dragon Form           Tmut           45%        N/A       1%          7
I - Irradiate             Conj/Tmut      43%        3d28      1%          5
S - Statue Form           Tmut/Erth      69%        N/A       1%          6
Y - Shatter               Erth           58%        3d43*     3%          9

Your spell library contained the following spells:

 Spells                   Type           Power      Damage    Failure   Level
 Beastly Appendage        Tmut           100%       N/A       0%          1
 Magic Dart               Conj           100%       1d8       0%          1
 Sandblast                Erth           100%       2d20      0%          1
 Passwall                 Tmut/Erth      86%        N/A       0%          2
 Wereblood                Tmut           90%        N/A       0%          2
 Stone Arrow              Conj/Erth      100%       3d13      0%          3
 Petrify                  Tmut/Erth      100%       N/A       0%          4
 Lee's Rapid Deconstruct  Erth           58%        3d28*     0%          5
 Pain                     Necr           100%       1d9       1%          1
 Shock                    Conj/Air       100%       1d9       1%          1
 Sting                    Tmut/Pois      100%       1d8       1%          1
 Blink                    Tloc           N/A        N/A       1%          2
 Ensorcelled Hibernation  Hex/Ice        88%        N/A       1%          2
 Poisonous Vapours        Pois/Air       86%        N/A       1%          2
 Searing Ray              Conj           100%       3d7       1%          2
 Slow                     Hex            45%        N/A       1%          2
 Sublimation of Blood     Necr           33%        N/A       1%          2
 Call Canine Familiar     Summ           38%        N/A       1%          3
 Confusing Touch          Hex            45%        N/A       1%          3
 Conjure Flame            Conj/Fire      65%        6-21      1%          3
 Frozen Ramparts          Ice            86%        1d10      1%          3
 Gell's Gravitas          Tloc           22%        N/A       1%          3
 Ignite Poison            Fire/Tmut/Pois 63%        N/A       1%          3
 Inner Flame              Hex/Fire       44%        N/A       1%          3
 Lesser Beckoning         Tloc           22%        N/A       1%          3
 Mephitic Cloud           Conj/Pois/Air  59%        N/A       1%          3
 Ozocubu's Armour         Ice            43%        N/A       1%          3
 Spider Form              Tmut/Pois      35%        N/A       1%          3
 Summon Guardian Golem    Hex/Summ       41%        N/A       1%          3
 Swiftness                Air            43%        N/A       1%          3
 Teleport Other           Tloc           45%        N/A       1%          3
 Animate Dead             Necr           33%        N/A       1%          4
 Cause Fear               Hex            22%        N/A       1%          4
 Fulminant Prism          Conj/Hex       32%        3d16      1%          4
 Hailstorm                Conj/Ice       65%        3d14      1%          4
 Ice Form                 Ice/Tmut       71%        N/A       1%          4
 Sticky Flame             Conj/Fire      65%        2d8       1%          4
 Agony                    Necr           66%        N/A       1%          5
 Blade Hands              Tmut           45%        N/A       1%          5
 Bolt of Magma            Conj/Fire/Erth 43%        4d18      1%          5
 Excruciating Wounds      Necr           33%        N/A       1%          5
 Fireball                 Conj/Fire      32%        3d14      1%          5
 Freezing Cloud           Conj/Ice/Air   29%        6-21      1%          5
 Iskenderun's Battlesphe  Conj           81%        2d13      1%          5
 Lightning Bolt           Conj/Air       32%        1d50      1%          5
 Yara's Violent Unravell  Hex/Tmut       35%        3d14      1%          5
 Airstrike                Air            21%        N/A       2%          4
 Olgreb's Toxic Radiance  Pois           43%        N/A       2%          4
 Summon Ice Beast         Ice/Summ       41%        N/A       2%          4
 Summon Lightning Spire   Summ/Air       41%        N/A       2%          4
 Eringya's Noxious Bog    Tmut/Pois      35%        N/A       3%          6
 Lehudib's Crystal Spear  Conj/Erth      50%        10d12     3%          8
 Manifold Assault         Tloc           45%        N/A       6%          5
 Metabolic Englaciation   Hex/Ice        22%        N/A       6%          5
 Conjure Ball Lightning   Conj/Air       32%        3x3d10    6%          6
 Death Channel            Necr           33%        N/A       6%          6
 Orb of Destruction       Conj           40%        9d14      6%          7
 Summon Mana Viper        Hex/Summ       41%        N/A       7%          5
 Simulacrum               Ice/Necr       28%        N/A       14%         6
 Storm Form               Tmut/Air       35%        N/A       19%         7
 Dispersal                Tloc           22%        N/A       28%         6
 Invisibility             Hex            22%        N/A       28%         6
 Spellforged Servitor     Conj/Summ      32%        N/A       36%         7
 Haunt                    Necr/Summ      27%        N/A       61%         7
 Ozocubu's Refrigeration  Ice            21%        4d9       86%         7
 Malign Gateway           Summ/Tloc      20%        N/A       87%         7
 Monstrous Menagerie      Summ           19%        N/A       91%         7
 Summon Hydra             Summ           19%        N/A       91%         7
 Discord                  Hex            22%        N/A       100%        8
 Disjunction              Tloc           22%        N/A       100%        8
 Ignition                 Fire           21%        3d8       100%        8
 Maxwell's Capacitive Co  Air            21%        ∞         100%        8
 Summon Horrible Things   Summ           19%        N/A       100%        8
 Chain Lightning          Conj/Air       32%        3d43      100%        9
 Dragon's Call            Summ           19%        N/A       100%        9
 Fire Storm               Conj/Fire      32%        8d8       100%        9
 Polar Vortex             Ice            21%        N/A       100%        9
 Animate Armour           Summ/Erth      Unusable   N/A       N/A         4

Dungeon Overview and Level Annotations

Branches:
Dungeon (15/15)            Temple (1/1) D:6            Lair (6/6) D:9
  Swamp (4/4) Lair:4       Spider (4/4) Lair:2        Slime (5/5) Lair:5
    Orc (2/2) D:10            Elf (3/3) Orc:2        Vaults (5/5) D:14
  Crypt (1/3) Vaults:3     Depths (5/5) D:15            Zot (5/5) Depths:5
  IceCv (visited)         Desolation (visited)

Altars:
Ashenzari
Cheibriados
Dithmenos
Elyvilon
Fedhas
Gozag
Hepliaklqana
Kikubaaqudgha
Makhleb
Nemelex Xobeh
Okawaru
Qazlal
Ru
Sif Muna
Trog
Uskayaw
Vehumet
Wu Jian
Xom
Yredelemnul
Zin
The Shining One
Beogh
Jiyva

Shops:
D:3 (   D:6 *   D:10 (   Orc:1 ?   Orc:2 :[?=   Elf:2 [   Elf:3 *   Vaults:1 !
Vaults:2 [   Vaults:4 (   Depths:1 (?

Portals:
Hell: Depths:1 Depths:2 Depths:3 Depths:4 Depths:5
Abyss: Depths:2 Depths:4 Depths:5
Pandemonium: Depths:1 Depths:3 Depths:4
Ziggurat: Depths:2

Annotations:
Slime:5 Royal Jelly
Vaults:4 1 transporter, exclusion: orange crystal statue


Innate Abilities, Weirdness & Mutations

You cannot wear most types of armour.
You are amphibious.
You can wear up to eight rings at the same time.
Your skin blends seamlessly with your surroundings (Stealth++).
Your rubbery body absorbs attacks. (AC +1, EV +1)
((You are camouflaged near water. (Stealth+)))
You have tentacles for arms and can constrict up to eight enemies at once.
You possess an exceptional clarity of mind.
Your body sometimes deteriorates upon taking damage.
Your magical capacity is very low. (-20% MP)
You are somewhat resistant to further mutation.
You are weak. (Str -2)


Message History

(V) Vaults (C) Crypt (U) Depths (H) Hell (Z) Zot
Where to? (Enter - D:1 @ (x,y), ? - help)
Your transformation is almost over.
Unknown command.
(D) Dungeon (T) Temple (L) Lair (S) Swamp (N) Spider Nest (M) Slime Pits (O) Orcish Mines (E) Elven Halls (V) Vaults (C) Crypt (U) Depths (H) Hell (Z) Zot
Where to? (Enter - D:1 @ (x,y), ? - help)
You sense a monster nearby.
Unknown command.
(D) Dungeon (T) Temple (L) Lair (S) Swamp (N) Spider Nest (M) Slime Pits (O) Orcish Mines (E) Elven Halls (V) Vaults (C) Crypt (U) Depths (H) Hell (Z) Zot
Where to? (Enter - D:1 @ (x,y), ? - help)
Okay, then.
Unknown command.
You revert to your normal fleshy form.
(D) Dungeon (T) Temple (L) Lair (S) Swamp (N) Spider Nest (M) Slime Pits (O) Orcish Mines (E) Elven Halls (V) Vaults (C) Crypt (U) Depths (H) Hell (Z) Zot
Where to? (Enter - D:1 @ (x,y), ? - help)
Okay, then.
Unknown command.
(D) Dungeon (T) Temple (L) Lair (S) Swamp (N) Spider Nest (M) Slime Pits (O) Orcish Mines (E) Elven Halls (V) Vaults (C) Crypt (U) Depths (H) Hell (Z) Zot
Where to? (Enter - D:1 @ (x,y), ? - help)
There is a stone staircase leading up here.
You fly upwards.
There is a stone staircase leading down here.
There is a large open door here.
HP restored.
There is a staircase leading out of the dungeon here.
Unknown command.
You have escaped!

....#
##.........#.##.......#
....#
###...................
....#
########..########..
##### #..#.........
##########.#.######..
#.......##.#.# #..
#.####8#.#.#.# #..
##....##.#.#.######..
##.@.##.#...........
##...##.#...........
###.##.##......[....
#####''###...........
#......###>..........
#............########
#................#
#................#
#................####


There were no monsters in sight!

Vanquished Creatures
  4 dread liches
  5 ancient liches
  3 orbs of fire
  Mara (Swamp:4)
  A juggernaut (Depths:3)
  Boris (Vaults:5)
  2 shard shrikes (Depths:1)
  Bai Suzhen (Vaults:2)
  Saint Roka (Depths:4)
  Margery (Vaults:2)
  3 curse toes
  4 Killer Klowns (Zot:5)
  4 golden dragons
  A profane servitor (D:4)
  3 caustic shrikes
  the Enchantress (Depths:5)
  Arachne (Spider:4)
  5 electric golems
  2 hellephants (Depths:1)
  Jorgrun (Elf:1)
  14 tentacled monstrosities
  The ghost of zeram the Peltast, an adept GrFi of Qazlal (Elf:3)
  8 liches
  6 titans (Vaults:5)
  25 Orb Guardians
  5 deep elf master archers
  Asterion (Vaults:2)
  5 deep elf blademasters
  11 acid blobs
  4 quicksilver dragons
  An Executioner (Abyss:3)
  Gastronok (D:11)
  8 sphinxes
  13 storm dragons
  12 death cobs
  5 tentacled starspawn (Abyss:1)
  5 thorn hunters (Swamp:4)
  9 tengu reavers
  Donald (Spider:4)
  7 draconian monks
  16 wizards
  Kirke (Spider:3)
  Agnes (Spider:4)
  Roxanne (D:15)
  A fenstrider witch (Swamp:3)
  The ghost of grimtooth the Polluter, an adept FoVM of Uskayaw (Spider:3)
  An azure jelly (Slime:4)
  15 shadow dragons
  Aizul (Vaults:2)
  5 rockslimes
  4 iron dragons
  The ghost of Ladgh the Summoner, a journeyman NaSu of Cheibriados (Spider:2)
  6 frost giants
  10 fire giants
  13 deep elf sorcerers
  13 vault wardens
  4 draconian knights
  5 draconian scorchers
  10 ghost moths
  A draconian shifter (Zot:2)
  A balrug (Abyss:3)
  5 emperor scorpions
  4 draconian stormcallers
  21 ironbound preservers
  4 cacodemons
  4 imperial myrmidons (Desolation)
  2 orc warlords (Vaults:4)
  6 draconian annihilators
  A quicksilver ooze (Slime:5)
  5 deep elf elementalists
  27 very ugly things
  4 spriggan defenders (Depths:5)
  3 war gargoyles
  17 stone giants
  11 deep elf demonologists
  8 starcursed masses
  2 halazid warlocks (Desolation)
  7 black draconians
  9 yellow draconians
  12 green draconians
  3 vampire knights
  4 purple draconians
  6 white draconians
  6 red draconians
  5 spark wasps
  8 dire elephants
  12 deep elf annihilators
  3 bunyips
  10 deep elf death magi
  9 ettins
  4 eleionomae
  18 great orbs of eyes
  13 fire dragons
  14 yaktaur captains
  10 deep elf high priests
  2 shambling mangroves (Swamp:4)
  5 green deaths (Depths:2)
  3 rakshasas
  6 servants of whispers
  28 vault guards
  9 ice dragons
  6 peacekeepers
  8 ironbound thunderhulks
  29 hydras
  4 ragged hierophants (Desolation)
  8 boulder beetles
  13 spriggan air magi
  12 ogre magi
  Erolcha (D:11)
  A ghost crab (Swamp:2)
  4 caustic shrike simulacra (IceCv)
  8 centaur warriors
  7 alligators
  A death knight (D:15)
  9 ironbound frosthearts
  The ghost of Vadun the Covert, a journeyman VSEn of Sif Muna (D:12)
  A catoblepas (Lair:5)
  An anaconda (shapeshifter) (Depths:4)
  15 two-headed ogres
  29 dancing weapons
  14 death yaks
  6 tengu warriors
  5 ironbound beastmasters
  13 deep troll earth magi
  8 deep troll shamans
  7 thrashing horrors
  5 spriggan berserkers
  2 vampire magi
  15 deep elf knights
  A storm dragon zombie (Abyss:3)
  2 sun demons (Abyss:3)
  2 fire crabs (shapeshifter)
  Nergalle (Lair:3)
  8 hell knights
  A shadow wraith (Vaults:1)
  3 skeletal warriors
  5 iron trolls
  A sixfirhy (D:2)
  4 wretched stars
  An anaconda zombie (Abyss:3)
  A goliath frog (Swamp:4)
  7 glowing orange brains
  37 large abominations
  61 deep trolls
  13 bog bodies
  10 swamp dragons
  7 deep elf archers
  5 spriggan druids
  2 obsidian statues
  A lindwurm (shapeshifter) (Abyss:3)
  16 ironbound convokers
  3 necromancers
  8 orc knights
  12 orc sorcerers
  Pikel (D:7)
  34 ugly things
  35 deep elf pyromancers
  A lindwurm (Vaults:3)
  4 phantasmal warriors
  35 deep elf zephyrmancers
  A harpy (Vaults:1)
  A shining eye (shapeshifter) (Vaults:5)
  22 orb spiders
  23 wolf spiders
  A cyclops (shapeshifter) (Elf:2)
  4 oklob plants (D:14)
  4 shining eyes
  9 cyclopes
  3 manticores
  A manticore (shapeshifter) (Vaults:5)
  A salamander (shapeshifter) (D:15)
  24 moths of wrath
  4 will-o-the-wisps (Swamp:3)
  2 salamanders (Depths:1)
  Joseph (D:7)
  A molten gargoyle (Orc:2)
  5 black mambas
  17 elephants
  7 eyes of devastation
  6 guardian serpents
  10 vault sentinels
  A torpor snail (shapeshifter) (Vaults:5)
  A cane toad (shapeshifter) (D:14)
  3 orange demons
  4 centaur skeletons (D:14)
  A hellion (D:2)
  A gargoyle (D:13)
  A torpor snail (Lair:6)
  A rime drake (shapeshifter) (D:14)
  17 cane toads
  2 kobold demonologists (D:14)
  9 rime drakes
  19 freezing wraiths
  2 unseen horrors (shapeshifter)
  3 efreet
  8 komodo dragons
  41 yaktaurs
  A tormentor (D:14)
  An ice devil (IceCv)
  3 anaconda simulacra (IceCv)
  8 demonic crawlers
  An ancient zyme (Abyss:1)
  3 tengu conjurers
  3 meliai (D:14)
  An entropy weaver simulacrum (IceCv)
  3 red devils
  39 jumping spiders
  2 polar bears (Lair:4)
  7 trolls
  A queen bee (D:14)
  Prince Ribbit (D:8)
  26 hornets
  43 saltlings
  11 tyrant leeches
  22 blink frogs
  A wolf spider simulacrum (D:14)
  6 dream sheep
  8 raiju
  111 slime creatures
  Sigmund (D:4)
  5 air elementals
  16 spriggans
  70 redbacks
  45 tarantellas
  16 wyverns
  A centaur simulacrum (D:14)
  3 flying skulls (Abyss:3)
  2 shadows
  3 dire elephant simulacra (IceCv)
  Eustachio (D:4)
  An ettin skeleton (Abyss:1)
  5 water elementals
  2 wraiths
  5 ynoxinuls (Abyss:1)
  3 hogs (Spider:3)
  3 fire bats (Orc:2)
  44 yaks
  4 spriggan simulacra (IceCv)
  3 basilisks
  3 fire elementals
  4 golden eyes (Abyss:3)
  A hog (shapeshifter) (Vaults:5)
  4 chaos spawn (Abyss:1)
  A steam dragon (shapeshifter) (Vaults:5)
  3 neqoxecs
  A human simulacrum (Vaults:3)
  3 steam dragons
  22 vampire mosquitoes
  14 swamp worms
  2 harpy simulacra (IceCv)
  23 water moccasins
  A warg (Orc:2)
  6 acid dragons
  4 hell hounds (D:4)
  A floating eye (Lair:5)
  9 swamp drakes
  3 sky beasts
  14 orc warriors
  3 ice beasts
  An alligator simulacrum (IceCv)
  An ettin simulacrum (IceCv)
  14 ogres
  3 boggarts (D:15)
  6 black bears
  A swamp dragon skeleton (Abyss:1)
  21 wolves
  10 centaurs
  A centaur (shapeshifter) (Abyss:3)
  A lemure (D:7)
  6 kobold brigands
  13 bullfrogs
  4 scorpions
  3 earth elementals
  18 small abominations
  47 killer bees
  5 lindwurm simulacra (IceCv)
  4 electric eels
  8 howler monkeys
  7 centaur zombies
  A bullfrog zombie (D:5)
  3 quasits
  8 orc priests
  5 hounds
  Crazy Yiuf (D:3)
  A gnoll shaman (D:8)
  2 jellies
  3 iron imps
  2 bullfrog skeletons
  Terence (D:2)
  Natasha (thrice) (D:2)
  6 iguanas
  30 orc wizards
  10 hell rats
  A hound skeleton (D:4)
  Robin (D:2)
  2 howler monkey skeletons
  A howler monkey zombie (D:10)
  9 gnolls
  7 adders
  4 river rats (Lair:3)
  2 shadow imps
  3 white imps
  An ufetubus (Abyss:1)
  2 dart slugs
  48 orcs
  6 endoplasms
  2 giant cockroaches
  11 goblins
  6 hobgoblins
  3 jackals (D:4)
  4 quokkas
  4 ball pythons
  3 bats (D:1)
  3 frilled lizards
  21 kobolds
  8 rats
  A lurking horror (Abyss:1)
  4 starspawn tentacles (Abyss:1)
2508 creatures vanquished.

Vanquished Creatures (collateral kills)
  2 caustic shrike simulacra (IceCv)
  A cane toad (Lair:4)
  2 freezing wraiths (IceCv)
  A dire elephant simulacrum (IceCv)
  A swamp worm (Lair:4)
7 creatures vanquished.

Vanquished Creatures (others)
  A ragged hierophant (Desolation)
  A deep elf knight (Elf:1)
  A tengu conjurer (D:14)
  2 bloated husks (Swamp:3)
  A hornet (Swamp:2)
  A saltling (Elf:1)
  A slime creature (Abyss:3)
  A water elemental (Elf:3)
  2 spriggans
  A human (Spider:3)
  2 vampire mosquitoes (Swamp:3)
  An orc wizard (Orc:2)
  An orc (Orc:2)
  4 briar patches (Swamp:4)
  2 bushes
  16 foxfires (Swamp:3)
  82 fungi
  155 plants
  6 starspawn tentacles (Abyss:1)
  3 toadstools (D:5)
284 creatures vanquished.

Grand Total: 2799 creatures vanquished

Notes
Turn   | Place    | Note
-------+----------+-------------------------------------------
     0 | D:1      | sahdkjhfkaj the Octopode Earth Elementalist began the quest
                  | for the Orb.
     0 | D:1      | Reached XP level 1. HP: 11/11 MP: 3/3
   136 | D:1      | Reached skill level 1 in Fighting
   136 | D:1      | Reached XP level 2. HP: 10/18 MP: 3/5
   348 | D:1      | Reached skill level 1 in Conjurations
   917 | D:2      | Reached XP level 3. HP: 16/23 MP: 1/6
  1022 | D:2      | Learned a level 3 spell: Stone Arrow
  1109 | D:2      | Noticed Terence
  1661 | D:2      | Killed Terence
  1662 | D:2      | Reached XP level 4. HP: 28/28 MP: 0/7
  1978 | D:2      | Noticed Robin
  1992 | D:2      | Killed Robin
  2259 | D:2      | Found a blossoming altar of Fedhas.
  2384 | D:2      | Noticed Natasha
  2386 | D:2      | Killed Natasha
  2387 | D:2      | Reached XP level 5. HP: 33/33 MP: 4/8
  2454 | D:2      | Noticed Natasha
  2461 | D:2      | Killed Natasha
  2572 | D:2      | Noticed Natasha
  2728 | D:2      | Killed Natasha
  2973 | D:3      | Found a faded altar of an unknown god.
  3041 | D:3      | Reached XP level 6. HP: 30/39 MP: 5/9
  3164 | D:3      | Found Lynaskaa's Weapon Shop.
  3548 | D:3      | Found a runed translucent door.
  3549 | D:3      | Noticed Crazy Yiuf
  3654 | D:3      | Killed Crazy Yiuf
  3744 | D:4      | Noticed Eustachio
  3905 | D:4      | Reached skill level 5 in Stealth
  4322 | D:4      | Noticed Sigmund
  4341 | D:4      | Killed Sigmund
  4342 | D:4      | Reached XP level 7. HP: 22/45 MP: 0/13
  4860 | D:4      | Found a radiant altar of Vehumet.
  5152 | D:4      | Killed Eustachio
  5153 | D:4      | Reached skill level 5 in Spellcasting
  5565 | D:5      | Entered Level 5 of the Dungeon
  5706 | D:5      | Reached skill level 3 in Dodging
  5706 | D:5      | Reached XP level 8. HP: 52/52 MP: 11/15
  5923 | D:5      | Identified a scroll of acquirement {!r}
  5924 | D:5      | Acquired the ring of Eternal Harmony {Wiz +Blink Dex+3
                  | Slay+2}
  6424 | D:5      | Reached skill level 5 in Fighting
  6866 | D:6      | Reached skill level 4 in Dodging
  6989 | D:6      | Reached skill level 5 in Dodging
  7577 | D:6      | Reached skill level 5 in Earth Magic
  7677 | D:6      | Reached XP level 9. HP: 61/61 MP: 5/16
  7850 | D:6      | Found Osemug's General Store.
  8390 | D:6      | Found a snail-covered altar of Cheibriados.
  8838 | D:6      | Found a basalt altar of Yredelemnul.
  8919 | D:6      | Found a staircase to the Ecumenical Temple.
  9022 | Temple   | Entered the Ecumenical Temple
  9084 | Temple   | Became a worshipper of Ashenzari the Shackled
  9162 | D:7      | Noticed Joseph
  9341 | D:7      | Reached skill level 1 in Evocations
  9675 | D:7      | Noticed Pikel
  9696 | D:7      | Killed Pikel
  9697 | D:7      | Reached skill level 5 in Evocations
 10499 | D:8      | Noticed a hornet
 10702 | D:8      | Noticed a cyclops
 10805 | D:8      | Reached XP level 10. HP: 62/71 MP: 10/19
 11387 | D:8      | Noticed a two-headed hydra
 11393 | D:8      | Killed a two-headed hydra
 11529 | D:8      | Noticed a two-headed ogre
 11558 | D:8      | Killed a two-headed ogre
 11559 | D:8      | Reached skill level 6 in Dodging
 11658 | D:8      | Noticed Prince Ribbit
 11662 | D:8      | Killed Prince Ribbit
 12075 | D:8      | Reached skill level 7 in Dodging
 12193 | D:8      | Found a shadowy altar of Dithmenos.
 12196 | D:8      | Found a glowing silver altar of Zin.
 12203 | D:8      | Found an ancient bone altar of Kikubaaqudgha.
 12501 | D:9      | Found a runed translucent door.
 12501 | D:9      | Noticed a fire dragon
 12501 | D:9      | Found the +2 shield of Resistance {rF++ rC++ Will++}
 12502 | D:9      | Noticed a fire dragon
 12503 | D:9      | Noticed an ice dragon
 12504 | D:9      | Found a runed translucent door.
 12510 | D:9      | Noticed an ice dragon
 12520 | D:9      | Reached XP level 11. HP: 64/77 MP: 13/23
 12906 | D:9      | Noticed a two-headed ogre
 12919 | D:9      | Killed a two-headed ogre
 13661 | D:10     | Entered Level 10 of the Dungeon
 13758 | D:9      | Reached skill level 8 in Dodging
 13838 | D:9      | Found a glowing golden altar of the Shining One.
 14279 | D:9      | Found a staircase to the Lair.
 15303 | D:10     | Identified the +5 ring mail "Holo" {rN+ rCorr Dex-4}
 16481 | D:10     | Reached * piety under Ashenzari
 16506 | D:10     | Noticed a two-headed ogre
 16511 | D:10     | Killed a two-headed ogre
 16603 | D:10     | Reached skill level 9 in Dodging
 16645 | D:10     | Found a staircase to the Orcish Mines.
 16975 | D:10     | Found Cituel's Weapon Shoppe.
 17190 | D:6      | Bought a book of Sloth for 540 gold pieces
 17197 | D:6      | Learned a level 6 spell: Statue Form
 17279 | Lair:1   | Entered Level 1 of the Lair of Beasts
 17958 | Lair:1   | Reached XP level 12. HP: 85/85 MP: 18/25
 18526 | Lair:2   | Reached skill level 1 in Unarmed Combat
 19321 | Lair:2   | Reached skill level 5 in Transmutations
 20055 | Lair:2   | Noticed a boulder beetle
 20320 | Lair:2   | Found a hole to the Spider Nest.
 21134 | D:7      | Killed Joseph
 21135 | D:7      | Reached skill level 5 in Unarmed Combat
 21272 | D:8      | Found a hazy altar of Hepliaklqana.
 21482 | Lair:3   | Noticed Nergalle
 21494 | Lair:3   | Learned a level 6 spell: Iron Shot
 22030 | Lair:3   | Identified the +2 leather armour of Pathos {Int-4 Dex+2
                  | SInv}
 22067 | Lair:3   | Noticed a boulder beetle
 22674 | Lair:3   | Killed Nergalle
 22678 | Lair:3   | Killed a boulder beetle
 22679 | Lair:3   | Reached XP level 13. HP: 46/90 MP: 11/26
 23688 | Lair:4   | Identified the +3 leather armour "Upougett" {Str+8}
 23760 | Lair:3   | HP: 4/90 [eight-headed hydra (13)]
 24746 | Lair:4   | Found a staircase to the Swamp.
 24956 | Lair:4   | Reached skill level 10 in Unarmed Combat
 26047 | Lair:5   | Paralysed by a floating eye for 3 turns
 26131 | Lair:5   | Found a staircase to the Slime Pits.
 26221 | Lair:5   | Reached XP level 14. HP: 72/97 MP: 21/27
 27785 | Lair:6   | Entered Level 6 of the Lair of Beasts
 29495 | Lair:6   | Reached skill level 15 in Unarmed Combat
 30448 | Lair:6   | Reached XP level 15. HP: 101/101 MP: 22/28
 31619 | D:11     | Noticed Gastronok
 31625 | D:11     | Killed Gastronok
 32458 | D:11     | Noticed Erolcha
 32462 | D:11     | Killed Erolcha
 32779 | D:12     | Found a transporter.
 32781 | D:12     | Noticed Vadun's ghost (journeyman VSEn)
 32782 | D:12     | Identified the +5 great mace of Attainder {holy, rF+}
 32858 | D:12     | Found a transporter.
 33340 | D:13     | Reached ** piety under Ashenzari
 33623 | D:13     | Learned a level 2 spell: Wereblood
 34681 | D:14     | Reached skill level 10 in Dodging
 34685 | D:14     | Reached skill level 10 in Fighting
 35115 | D:14     | Reached XP level 16. HP: 111/111 MP: 15/29
 35349 | D:14     | Reached skill level 11 in Dodging
 36062 | D:14     | Found a gate to the Vaults.
 37096 | D:12     | Reached skill level 1 in Shields
 37110 | D:12     | Killed Vadun's ghost
 37450 | D:15     | Entered Level 15 of the Dungeon
 37452 | D:15     | Identified Roxanne's Grimoire of Transformation
 37452 | D:15     | Noticed Roxanne
 39143 | D:15     | Identified the +2 long sword "Ogrebane" {chaos, rElec rF+}
 39152 | D:15     | Reached skill level 5 in Shields
 40037 | D:15     | Found a staircase to the Depths.
 40426 | D:15     | Killed Roxanne
 40923 | Orc:1    | Entered Level 1 of the Orcish Mines
 41007 | Orc:1    | Found Laruyz's Magic Scroll Boutique.
 41015 | Orc:1    | Bought a scroll of blinking for 105 gold pieces
 41015 | Orc:1    | Bought a scroll of fear for 49 gold pieces
 41173 | Orc:2    | Entered Level 2 of the Orcish Mines
 41642 | Orc:2    | Found a staircase to the Elven Halls.
 41860 | Orc:2    | Reached XP level 17. HP: 121/121 MP: 31/31
 41987 | Orc:2    | Found a shimmering altar of Xom.
 42182 | Orc:2    | Found Nidacwam's Jewellery Shop.
 42243 | Orc:2    | Found a radiant altar of Vehumet.
 42262 | Orc:2    | Found Ninlyisu's Magic Scroll Shop.
 42416 | Orc:2    | Bought a scroll of blinking for 135 gold pieces
 42445 | Orc:2    | Found Gumosoiw's Antique Armour Shop.
 42462 | Orc:2    | Reached skill level 10 in Shields
 42576 | Orc:2    | Found an ancient bone altar of Kikubaaqudgha.
 42609 | Orc:2    | Found Gahaz's Book Boutique.
 42617 | Orc:2    | Bought a book of Unlife for 504 gold pieces
 42623 | Orc:2    | Learned a level 5 spell: Borgnjor's Vile Clutch
 42961 | Swamp:1  | Entered Level 1 of the Swamp
 43033 | Swamp:1  | Reached skill level 1 in Necromancy
 43107 | Swamp:1  | Found an opulent altar of Gozag.
 44946 | Swamp:3  | Reached skill level 5 in Necromancy
 45434 | Swamp:3  | Found a sparkling altar of Nemelex Xobeh.
 45852 | Swamp:4  | Entered Level 4 of the Swamp
 46377 | Swamp:4  | Reached XP level 18. HP: 91/127 MP: 32/32
 47254 | Swamp:4  | Reached *** piety under Ashenzari
 47297 | Swamp:4  | Got a decaying rune of Zot
 48509 | Spider:1 | Entered Level 1 of the Spider Nest
 49356 | Spider:2 | Found a frozen archway.
 49669 | IceCv    | Entered an ice cave
 49920 | IceCv    | Found an ancient bone altar of Kikubaaqudgha.
 50007 | IceCv    | Identified the +4 pair of boots of the Monkey {Str-5 Dex+6}
 50071 | IceCv    | Noticed a lich
 50080 | IceCv    | Killed a lich
 50090 | IceCv    | Identified Sif Muna's Almanac of the Glacier
 50482 | IceCv    | Identified the Catalogue of the Maze
 50747 | Spider:2 | Found a runed translucent gate.
 50748 | Spider:2 | Found a runed translucent gate.
 50748 | Spider:2 | Noticed Ladgh's ghost (journeyman NaSu)
 50749 | Spider:2 | Found a runed translucent gate.
 50764 | Spider:2 | Killed Ladgh's ghost
 50802 | Spider:2 | Reached XP level 19. HP: 141/141 MP: 35/35
 51210 | Spider:3 | Noticed Kirke
 51219 | Spider:3 | Killed Kirke
 51289 | Spider:3 | Reached **** piety under Ashenzari
 51343 | Spider:3 | Reached skill level 10 in Evocations
 52013 | Spider:3 | Noticed grimtooth's ghost (adept FoVM)
 52027 | Spider:3 | Found a transporter.
 52031 | Spider:3 | Found a transporter.
 52615 | Spider:3 | Killed grimtooth's ghost
 52776 | Spider:4 | Entered Level 4 of the Spider Nest
 52792 | Spider:4 | Noticed Arachne
 53005 | Spider:4 | Killed Arachne
 53147 | Spider:4 | Noticed Donald
 53152 | Spider:4 | Killed Donald
 53436 | Spider:4 | Noticed Agnes
 53446 | Spider:4 | Killed Agnes
 53454 | Spider:4 | Reached skill level 15 in Fighting
 54269 | Spider:4 | Got a gossamer rune of Zot
 54603 | Elf:1    | Entered Level 1 of the Elven Halls
 54760 | Elf:1    | Identified the Volume of the Poles
 54763 | Elf:1    | Reached XP level 20. HP: 154/154 MP: 31/36
 54766 | Elf:1    | Paralysed by an air elemental for 1 turns
 54962 | Elf:1    | Found a crumbling gateway.
 55004 | Desolati | Entered the Desolation of Salt
 55198 | Desolati | Identified the +5 chain mail of the Unbroken {rPois Regen+
                  | Str-5 Int+6}
 55199 | Desolati | Identified the +5 ring mail of Mental Paralysis {+Inv rPois
                  | Int-2 SInv}
 55199 | Desolati | Identified the +6 dagger "Fuacleck" {protect, rC+++}
 55199 | Desolati | Identified the +7 demon blade of Luss {venom, rElec rPois
                  | rCorr Dex-4}
 55200 | Desolati | Identified the Catalogue of Battle Magic and Flight
 55202 | Desolati | Identified the Handbook of Companions and Sinister Magic
 55324 | Desolati | Identified the +12 shortbow of Corruption {vorpal, Int+3}
 55324 | Desolati | Identified the +8 hunting sling of Vuwiaciywn {flame, rPois
                  | rF+}
 55325 | Desolati | Identified the +10 broad axe of Regicide {antimagic, +Blink
                  | rElec Str-3}
 55334 | Desolati | Identified the ring "Zeha" {rPois rF+ SInv}
 55334 | Desolati | Identified the +8 dagger of Qyesym {distort, rElec Int+4}
 56018 | Desolati | Identified the ring of the Duke {rPois rC- Will+ Str+6
                  | Int+4}
 56021 | Desolati | Found the +7 mace of Variability {chain chaos}
 56026 | Desolati | Identified the +8 great mace of Wuonam {vorpal, Int+3}
 56033 | Desolati | Identified the +9 whip "sahdkjhfkaj's Death" {drain, Will+}
 56648 | Elf:1    | Noticed Jorgrun
 56656 | Elf:1    | Killed Jorgrun
 57913 | Elf:2    | Found Xocvarank's Antique Armour Shoppe.
 58094 | Elf:2    | Found a runed translucent door.
 58139 | Elf:2    | Found a runed translucent door.
 58206 | Elf:2    | Found a radiant altar of Vehumet.
 58575 | Elf:2    | Reached XP level 21. HP: 164/164 MP: 34/37
 58939 | Elf:3    | Entered Level 3 of the Elven Halls
 59002 | Elf:3    | Reached ***** piety under Ashenzari
 59056 | Elf:3    | Found Ediluliu's Assorted Antiques.
 59058 | Elf:3    | Noticed zeram's ghost (adept GrFi)
 59086 | Elf:3    | Found a runed translucent gate.
 59086 | Elf:3    | Found a runed translucent gate.
 59086 | Elf:3    | Found an opulent altar of Gozag.
 59087 | Elf:3    | Found a runed translucent gate.
 59101 | Elf:3    | Killed zeram's ghost
 59976 | Elf:3    | Bought a scroll of noise for 25 gold pieces
 60446 | Elf:3    | Identified the ring "Wuivveu" {EV+4 Dex+4}
 60805 | Elf:3    | Identified the ring of the Villain {Wiz rN+ Dex-4 Slay+3}
 60914 | Elf:3    | Identified the ring of Ytimnuot {rElec rC+ rN+++ Str-4
                  | Int+2}
 60931 | Elf:3    | Identified the +8 dire flail of Noghuis {flame, Dex+4}
 61083 | Elf:3    | Identified the amulet of the Real Monster {Acrobat rC+
                  | Dex+3 Stlth+}
 61375 | Elf:3    | Identified the ring "Foelasch" {Fly rC+ Str+7}
 61445 | Elf:3    | Reached XP level 22. HP: 136/174 MP: 12/40
 61559 | Elf:3    | Identified the +2 cloak of Ximpider {Str+8}
 61564 | Elf:3    | Identified the Incunabulum of the Glacier
 61732 | Elf:3    | Identified the +0 scale mail "Qellitas" {Dex+3}
 61752 | Elf:3    | Learned a level 5 spell: Irradiate
 62153 | Swamp:4  | Identified the Papyrus of the Rocks
 62176 | Swamp:4  | Noticed Mara
 62412 | Swamp:4  | Killed Mara
 62413 | Swamp:4  | Reached skill level 12 in Dodging
 63071 | Depths:1 | Entered Level 1 of the Depths
 63123 | Depths:1 | Found Quewubas's Weapon Shop.
 63172 | Depths:1 | Found a gateway to Hell.
 63234 | Depths:1 | Found a hide-covered altar of Uskayaw.
 63235 | Depths:1 | Found a one-way gate leading to the halls of Pandemonium.
 63281 | Depths:1 | Noticed a shard shrike
 63289 | Depths:1 | Killed a shard shrike
 63847 | Depths:1 | Noticed a shard shrike
 63864 | Depths:1 | Killed a shard shrike
 63867 | Depths:1 | Reached skill level 10 in Stealth
 63937 | Depths:1 | Found Huhomn's Magic Scroll Shop.
 63945 | Depths:1 | Bought a scroll of teleportation for 45 gold pieces
 63945 | Depths:1 | Bought a scroll of teleportation for 45 gold pieces
 63945 | Depths:1 | Bought a scroll of blinking for 112 gold pieces
 64496 | Depths:2 | Found a gateway to a ziggurat.
 64575 | Depths:2 | Found a hazy altar of Hepliaklqana.
 64738 | Depths:2 | Identified the Volume of Torrid Lightness
 64904 | Depths:2 | Reached skill level 13 in Dodging
 64914 | Depths:2 | Reached XP level 23. HP: 182/182 MP: 38/41
 65080 | Depths:2 | Learned a level 9 spell: Shatter
 65460 | Depths:3 | Noticed a caustic shrike
 65465 | Depths:3 | Killed a caustic shrike
 65489 | Depths:3 | Reached skill level 10 in Earth Magic
 65495 | Depths:3 | Identified the +9 flail of Eternal Vigilance {speed,
                  | *Corrode MP+9 Int+7}
 65497 | Depths:3 | Noticed a golden dragon
 65606 | Depths:3 | Noticed a juggernaut
 65612 | Depths:3 | Killed a juggernaut
 65629 | Depths:3 | Killed a golden dragon
 65714 | Depths:3 | Identified the +5 chain mail of Spring {Str+2 Dex+4}
 66104 | Depths:2 | Gained mutation: You are occasionally teleported next to
                  | monsters. [mutagenic glow]
 66113 | Depths:2 | Gained mutation: You are dopey. (Int -2) [mutagenic glow]
 66122 | Depths:2 | Gained mutation: You sometimes lose the ability to read
                  | scrolls when taking damage. [mutagenic glow]
 66137 | Depths:2 | Lost mutation: You are dopey. (Int -2) [potion of mutation]
 66137 | Depths:2 | Lost mutation: You sometimes lose the ability to read
                  | scrolls when taking damage. [potion of mutation]
 66137 | Depths:2 | Gained mutation: Your magical capacity is low. (-10% MP)
                  | [potion of mutation]
 66137 | Depths:2 | Gained mutation: You possess an exceptional clarity of
                  | mind. [potion of mutation]
 66279 | Depths:2 | Identified the Guide on the Dusty Glacier
 66314 | Depths:2 | Found a one-way gate to the infinite horrors of the Abyss.
 66804 | Depths:3 | Reached XP level 24. HP: 190/190 MP: 36/37
 67200 | Depths:4 | Noticed a caustic shrike
 67210 | Depths:4 | Killed a caustic shrike
 67337 | Depths:4 | Reached skill level 15 in Earth Magic
 67514 | Depths:4 | Found an opulent altar of Gozag.
 67547 | Depths:4 | Noticed a caustic shrike
 67552 | Depths:4 | Killed a caustic shrike
 67634 | Depths:4 | Acquired 910 gold pieces
 68037 | Depths:4 | Identified the +1 halberd of Fedhas's Anger {vorpal, Int+2}
 68201 | Depths:5 | Entered Level 5 of the Depths
 68242 | Depths:5 | Noticed Saint Roka
 68254 | Depths:4 | Killed Saint Roka
 68781 | Depths:5 | Found a gate to the Realm of Zot.
 69171 | Depths:5 | Noticed the Enchantress
 69177 | Depths:5 | Killed the Enchantress
 69794 | Vaults:1 | Entered Level 1 of the Vaults
 70088 | Vaults:1 | Reached XP level 25. HP: 197/197 MP: 37/37
 70366 | Vaults:1 | Reached skill level 14 in Dodging
 70607 | Vaults:1 | Found Natyng's Distillery.
 70613 | Vaults:1 | Bought a potion of heal wounds for 80 gold pieces
 70613 | Vaults:1 | Bought a potion of heal wounds for 80 gold pieces
 70613 | Vaults:1 | Bought a potion of heal wounds for 80 gold pieces
 70613 | Vaults:1 | Bought a potion of haste for 160 gold pieces
 70613 | Vaults:1 | Bought a potion of curing for 48 gold pieces
 70613 | Vaults:1 | Bought 2 potions of experience for 1600 gold pieces
 70613 | Vaults:1 | Reached XP level 26. HP: 205/205 MP: 37/37
 70614 | Vaults:1 | Reached XP level 27. HP: 212/212 MP: 37/37
 71022 | Vaults:2 | Noticed Asterion
 71042 | Vaults:2 | Found the +3 salamander hide armour {Flames rF++ rC--}
 71046 | Vaults:2 | Found Vusykant's Antique Armour Boutique.
 71046 | Vaults:2 | Noticed Aizul
 71407 | Vaults:2 | Noticed Bai Suzhen
 71412 | Vaults:2 | Killed Bai Suzhen
 71416 | Vaults:2 | Killed Aizul
 71538 | Vaults:2 | Noticed Margery
 71548 | Vaults:2 | Killed Asterion
 71556 | Vaults:2 | Killed Margery
 72290 | Vaults:3 | Found a staircase to the Crypt.
 72632 | Vaults:3 | Reached skill level 15 in Dodging
 73763 | Vaults:4 | Noticed a dread lich
 73767 | Vaults:4 | Killed a dread lich
 73889 | Vaults:4 | Found a transporter.
 73890 | Vaults:4 | Identified Cealusmy's Almanac of Creation
 74134 | Vaults:4 | Reached skill level 16 in Dodging
 74883 | Vaults:4 | Found a transporter.
 74943 | Vaults:4 | Found Vulun's Antique Weapon Boutique.
 75260 | Vaults:5 | Entered Level 5 of the Vaults
 75260 | Vaults:5 | Noticed an ancient lich
 75262 | Vaults:5 | Killed an ancient lich
 75262 | Vaults:5 | Noticed an ancient lich
 75274 | Vaults:5 | Reached skill level 17 in Dodging
 75274 | Vaults:5 | Killed an ancient lich
 75288 | Vaults:5 | Noticed a dread lich
 75558 | Vaults:5 | Killed a dread lich
 75558 | Vaults:5 | Noticed Boris
 75702 | Vaults:5 | Reached skill level 18 in Dodging
 75702 | Vaults:5 | Killed Boris
 76173 | Vaults:5 | Gained mutation: Your body sometimes deteriorates upon
                  | taking damage. [a shining eye]
 76196 | Vaults:4 | Reached skill level 19 in Dodging
 76320 | Vaults:5 | Identified the +9 battleaxe "Emun" {venom, rN+ Dex+2}
 76320 | Vaults:5 | Identified the ring of Lyggo {Contam rF+++ Will+ Str+9}
 76474 | Vaults:5 | Identified the +2 flail of Alathret {speed, rElec Str-4
                  | Int+4 SInv}
 76674 | Vaults:5 | Identified the +4 mace of Equilibrium {vorpal, rElec rPois
                  | rC+}
 76907 | Vaults:5 | Identified the Almanac of Torrid Clay
 76916 | Vaults:5 | Identified the +6 short sword of Doom {vorpal, rElec rF-
                  | Str+3}
 76960 | Vaults:5 | Identified the ring of Gemuexi {Fly rPois rC+ Will- Str+6}
 77002 | Vaults:5 | Got a silver rune of Zot
 77219 | Crypt:1  | Entered Level 1 of the Crypt
 77603 | Slime:1  | Entered Level 1 of the Pits of Slime
 77632 | Slime:4  | Reached skill level 20 in Dodging
 79500 | Slime:5  | Entered Level 5 of the Pits of Slime
 79992 | Slime:5  | Identified the amulet "Ryt Hiel" {RegenMP Harm}
 79993 | Slime:5  | Identified the amulet "Bitij" {Faith *Slow +Inv Will+
                  | Slay+5}
 80007 | Slime:5  | Found the +0 staff of Battle
 80033 | Slime:5  | Found the +0 pair of fencer's gloves {Riposte Dex+3}
 80038 | Slime:5  | Identified the +6 rapier of the Establishment {flame,
                  | Stlth+}
 80040 | Slime:5  | Found the +8 whip "Snakebite" {venom, curare, rPois}
 80543 | Slime:5  | Found a viscous altar of Jiyva.
 80567 | Slime:5  | Noticed the Royal Jelly
 80767 | Slime:5  | Reached skill level 21 in Dodging
 81207 | Slime:5  | Got a slimy rune of Zot
 82258 | Depths:2 | Voluntarily entered the Abyss.
 83336 | Abyss:3  | Identified the Volume of Transformation
 83352 | Abyss:3  | Found a shimmering altar of Xom.
 83353 | Abyss:3  | Found a bloodstained altar of Trog.
 83368 | Abyss:3  | Gained mutation: Your magical capacity is very low. (-20%
                  | MP) [a neqoxec]
 83623 | Abyss:3  | Reached skill level 22 in Dodging
 83663 | Abyss:3  | Gained mutation: Your spells are a little harder to cast,
                  | but a little more powerful. [a shining eye]
 83664 | Abyss:3  | Gained mutation: You are weak. (Str -2) [a shining eye]
 83665 | Abyss:3  | Gained mutation: Your skin blends seamlessly with your
                  | surroundings (Stealth++). [a shining eye]
 83673 | Abyss:3  | Got an abyssal rune of Zot
 83681 | Depths:2 | Escaped the Abyss
 84229 | Vaults:4 | Learned a level 7 spell: Dragon Form
 84327 | Vaults:4 | Identified the cursed +2 hat "Chained Soothsayer" {Will+,
                  | Melee, Bglg} (You took it off Gastronok on level 11 of the
                  | Dungeon)
 84710 | Zot:1    | Entered Level 1 of the Realm of Zot
 85464 | Zot:3    | Reached skill level 23 in Dodging
 86131 | Zot:4    | Noticed an orb of fire
 86139 | Zot:4    | Killed an orb of fire
 86150 | Zot:4    | Reached skill level 24 in Dodging
 86923 | Zot:2    | Reached skill level 10 in Spellcasting
 87829 | Zot:1    | Identified the +7 scimitar of Nodaanucyn {drain, Contam
                  | Dex+4}
 88521 | Zot:5    | Entered Level 5 of the Realm of Zot
 89246 | Zot:5    | Noticed an ancient lich
 89247 | Zot:5    | Noticed a dread lich
 89249 | Zot:5    | Noticed a dread lich
 89580 | Zot:5    | Reached skill level 15 in Stealth
 89600 | Zot:5    | Noticed an ancient lich
 89683 | Zot:5    | Killed an ancient lich
 89746 | Zot:5    | Noticed an ancient lich
 89762 | Zot:5    | Killed an ancient lich
 89763 | Zot:5    | Killed an ancient lich
 89791 | Zot:5    | Lost mutation: Your spells are a little harder to cast, but
                  | a little more powerful. [potion of mutation]
 89791 | Zot:5    | Lost mutation: You are occasionally teleported next to
                  | monsters. [potion of mutation]
 89791 | Zot:5    | Gained mutation: You are somewhat resistant to further
                  | mutation. [potion of mutation]
 90123 | Zot:5    | Noticed an orb of fire
 90195 | Zot:5    | Killed an orb of fire
 90223 | Zot:5    | Noticed an orb of fire
 90341 | Zot:5    | Killed an orb of fire
 90797 | Zot:5    | Killed a dread lich
 91601 | Zot:5    | Killed a dread lich
 91602 | Zot:5    | Reached skill level 15 in Spellcasting
 92289 | Zot:5    | Got the Orb of Zot
 92859 | D:$      | Escaped with the Orb!

Illustrated notes

Levels and vault maps discovered:
D:1:      saegor_arrival_simple_e, layout_basic, minmay_misc_feat_plants
D:2:      layout_basic, basic_altar, uniq_terence, uniq_natasha, uniq_robin
D:3:      layout_loops_ring, serial_shops, shop, ebering_ecumenical_altar_box,
          uniq_crazy_yiuf_cottage
D:4:      layout_loops_corners, fiery_altar_vehumet, uniq_eustachio,
          uniq_sigmund
D:5:      layout_rooms, minivault_26, minmay_gold_behind_fungi
D:6:      layout_cave_pools, nicolae_overflow_crystal_walls,
          cheibriados_altar_1, minmay_temple_entry_statues,
          nicolae_inconvenience_store, roderic_roman_lattice
D:7:      layout_loops_ring, uniq_joseph, uniq_pikel
D:8:      layout_loops_ring, grunt_temple_overflow_diamond,
          nzn_hepliaklqana_mist_gate, hangedman_ranch, uniq_prince_ribbit1
D:9:      layout_basic, lemuel_coloured_pillars_altar, david_lair_shrubbed,
          minmay_guarded_unrand_resistance
D:10:     layout_cross, orc_0_dummy, serial_shops, nicolae_shop_behind_doors
D:11:     layout_layer_cave, uniq_erolcha, uniq_gastronok
D:12:     layout_cave_pools, gammafunk_ghost_smash
D:13:     layout_grid_maze
D:14:     hangedman_what_comes_after_a, layout_small_grid,
          hangedman_vaults_entry_quadrant_bands, fountainhead
D:15:     hangedman_depths_entry_try_elsewhere_first, layout_irregular_city,
          minmay_misc_feat_alley, st_stairs_2, uniq_roxanne
Temple:   zaba_magenta_temple
Lair:1:   layout_cave_pods, infiniplex_staircase_pool, serial_bayou_shore_b
Lair:2:   layout_gridlike, spider_nest_entry_funnel_web, grunt_megastairs_1
Lair:3:   layout_regular_city, kennysheep_abandoned_house, serial_bayou_shore_b,
          uniq_nergalle
Lair:4:   layout_cave_pods, palyth_hydra_swamp_entry,
          grunt_forest_stairs_clearing, grunt_megastairs_3
Lair:5:   layout_misc_corridors, minmay_slime_entry_eyes, grunt_megastairs_2,
          lemuel_fruit_fields, infiniplex_staircase_pool_2
Lair:6:   guppyfry_lair_end_dragon, layout_cave_pods,
          hangedman_lair_tendril_chambers
Swamp:1:  nicolae_swamp_ascending_descending_big, layout_basic_swamp,
          basic_altar, swamp_pool1, nicolae_swamp_tree_designs
Swamp:2:  layout_basic_swamp, nicolae_swamp_oxbows, swamp_pool4, st_swamp_mini
Swamp:3:  layout_falls_marsh, nicolae_swamp_godswood, nicolae_swamp_spooky_pond
Swamp:4:  swamp_basic_johnstein, layout_basic_swamp, uniq_mara
Spider:1: layout_spider_delve, drop_trap
Spider:2: layout_spider_delve, gammafunk_ghost_split,
          portal_ice_cave_entry_pillars_three
Spider:3: layout_spider_delve, gammafunk_ghost_arena, uniq_kirke
Spider:4: spider_rune_water, nicolae_spider_spiderdrome, uniq_agnes,
          uniq_donald, uniq_arachne
Slime:1:  layout_caves
Slime:2:  layout_caves
Slime:3:  layout_caves, basic_altar, cheibrodos_slime_lost_civilization_4
Slime:4:  layout_caves
Slime:5
Orc:1:    layout_caves, serial_shops, nicolae_shop_statue_plus
Orc:2:    kennysheep_orc_mage_school, layout_diamond_mine, basic_altar,
          nicolae_orc_lava_tube
Elf:1:    minmay_elf_arrival_circle, layout_gridlike,
          portal_desolation_entry_nicolae_nacl, minmay_elf_demonology,
          uniq_jorgrun
Elf:2:    nicolae_elf_blades_splatter_lattice
          [nicolae_blade_entry_splitting_headache], layout_loops_cross,
          basic_altar, serial_shops, nicolae_shop_crystal, guppyfry_elf_garden
Elf:3:    nooodl_elf_gasket, layout_geoelf_diagonals, ebering_ghost_gozag,
          nicolae_elf_crossing_hall
Vaults:1: v_misc_22, v_rooms_2, nicolae_vaults_angled_halls,
          vaults_room_door_hall, hangedman_vaults_river_flow,
          nicolae_vaults_network_periphery, nicolae_vaults_mini_display_case,
          nicolae_vaults_circle_grid_a, v_misc_14, hangedman_vaults_capsules,
          grunt_vaults_hallway_long, layout_vaults_omnibox, serial_shops, shop
Vaults:2: nicolae_vaults_inception_corners, v_rooms_5, vaults_room_large_hall,
          vaults_dpeg_encased_lava, v_misc_25, vaults_mumra_hex,
          layout_vaults_omnigrid, serial_shops, shop, uniq_asterion,
          uniq_margery, uniq_bai_suzhen, uniq_aizul
Vaults:3: ontoclasm_vaults_fault, minmay_crypt_entry_nasty_monster, v_misc_9,
          v_rooms_4, ontoclasm_vaults_twist, st_lattice,
          ontoclasm_vaults_decontamination, nicolae_vaults_little_squares_1,
          vaults_room_grid, hangedman_vaults_stretched_pinwheel, serial_ice_h,
          vaults_mumra_minichess_inversion, nicolae_vaults_yaktaur_gun_rack,
          layout_vaults_big_room
Vaults:4: nicolae_vaults_disjoint_gnomons, nicolae_vaults_puzzle_piece,
          v_misc_26, v_misc_24, gammafunk_sealed_arena, v_misc_10,
          nicolae_vaults_network_square, nicolae_vaults_diagonal_hallway_9,
          vaults_mumra_minichess, nicolae_vaults_little_squares_3,
          vaults_room_pools, layout_vaults_ring, serial_shops,
          nicolae_shop_temple_entry_statues_fountains, serial_glass
Vaults:5: uniq_boris
Crypt:1:  layout_chaotic_city, grunt_crypt_arrival_split
Depths:1: layout_forbidden_donut, nicolae_uskayaw_en_pointe, hell_entry,
          pan_entry, dilly_guarded_unrand_elemental_staff,
          infiniplex_staircase_pool_lava, minmay_shop_star, firewood_loft
Depths:2: cheibrodos_poisonous_passages, layout_cave_shapes, enter_ziggurat_d,
          hell_entry, lemuel_statue_altar, abyss_entry_crystal, special_room
          [special_room_magic_class], infiniplex_staircase_zigzag_5
Depths:3: minmay_the_grid_3x2 [minmay_the_grid_spin_star,
          minmay_the_grid_armoury, minmay_the_grid_broken_lines,
          minmay_the_grid_square_x, minmay_the_grid_doors,
          minmay_the_grid_prize_shrinking_boxes], layout_honeycomb,
          pf_coc_iceberg, corexii_hall_statues_s, pan_entry, grunt_megastairs_4,
          uniq_jory
Depths:4: minmay_dotted_concentric_squares, layout_gridlike,
          rand_demon_pan_entry_4, hell_entry, abyss_entry,
          nicolae_gozag_cash_rules_everything_around_me, minmay_statues_item
Depths:5: grunt_x_marks_the_spot, layout_basic, grunt_hell_entry_dis_grunt,
          abyss_entry_glasseish, minmay_misc_feat_pillars, uniq_enchantress,
          uniq_saint_roka
Zot:1:    nicolae_zot_stationary_front, layout_misc_corridors, st_stairs_2
Zot:2:    kennysheep_six_static_rooms, layout_cathedral_of_symmetry,
          st_single_dragon_hoard_4, zot_minivault_4
Zot:3:    layout_gridville
Zot:4:    layout_misc_corridors, skrybe_zot_glass_2, lemuel_elevator
Zot:5:    layout_cathedral_of_symmetry, grunt_ministairs_2, st_stairs_1

Skill      XL: |  1  2  3  4  5  6  7  8  9 10 11 12 13 14 15 16 17 18 19 20 21 22 23 24 25 26 27 |
---------------+----------------------------------------------------------------------------------+-----
Stealth        | 3 5 12 17 | 17.5
Fighting       | 1 2 3 5 7 8 9 10 11 13 15 17 18 19 22 | 22.2
Conjurations   | 2 3 4 |  4.0
Earth Magic    | 4 5 6 8 14 18 | 18.8
Spellcasting   | 4 5 6 8 9 15 | 15.3
Dodging        | 3 5 7 9 10 11 13 14 24 | 24.1
Evocations     | 5 6 7 9 10 14 | 14.8
Transmutations | 4 7 |  7.8
Unarmed Combat | 6 12 15 16 17 20 22 23 | 23.2
Shields        | 9 13 | 13.8
Necromancy     | 5 |  5.0

Action                   |  1- 3 |  4- 6 |  7- 9 | 10-12 | 13-15 | 16-18 | 19-21 | 22-24 | 25-27 || total
-------------------------+-------+-------+-------+-------+-------+-------+-------+-------+-------++-------
Melee: Dagger            |    16 |    40 |    56 |    57 |       |       |       |       |       ||   169
       Constrict         |     3 |     9 |    17 |    15 |    82 |    91 |   157 |    51 |   127 ||   552
       Tentacles         |     2 |     6 |    10 |    39 |   108 |   136 |    97 |   104 |   253 ||   755
       Unarmed           |       |       |       |    81 |   671 |   892 |   662 |   478 |  1050 ||  3834
       Punch             |       |       |       |       |    59 |   120 |    84 |   100 |   220 ||   583
       Tailslap          |       |       |       |       |       |       |       |       |     2 ||     2
 Fire: Hunting sling     |       |       |       |     1 |       |       |       |       |       ||     1
Throw: Dart              |       |       |       |     1 |       |       |       |       |       ||     1
       Throwing net      |       |       |       |     1 |       |       |       |       |       ||     1
 Cast: Sandblast         |    27 |     2 |     6 |     6 |       |       |       |       |       ||    41
       Stone Arrow       |     7 |    30 |   147 |   274 |       |       |       |       |       ||   458
       Statue Form       |       |       |       |    11 |   106 |   140 |   143 |    95 |   147 ||   642
       Iron Shot         |       |       |       |     2 |       |    28 |    21 |     2 |    17 ||    70
       Wereblood         |       |       |       |       |     4 |     1 |     5 |       |       ||    10
       Borgnjor's Vile C |       |       |       |       |       |     4 |    24 |    15 |     3 ||    46
       Shatter           |       |       |       |       |       |       |       |    14 |   108 ||   122
       Dragon Form       |       |       |       |       |       |       |       |       |     3 ||     3
Invok: Curse Item        |       |       |       |     2 |     2 |     2 |     3 |     1 |     2 ||    12
       Shatter the Chain |       |       |       |       |       |       |       |       |     1 ||     1
 Abil: Evoke Blink       |       |       |       |     2 |       |       |       |       |       ||     2
       End Transformatio |       |       |       |     1 |     2 |     1 |       |       |       ||     4
       Breathe Fire      |       |       |       |       |       |       |       |       |     1 ||     1
Evoke: Wand              |       |       |       |     1 |       |     2 |     7 |     4 |     7 ||    21
       Phial of floods   |       |       |       |     1 |       |       |       |     1 |       ||     2
       Box of beasts     |       |       |       |       |     1 |     1 |       |       |       ||     2
       Tin of tremorston |       |       |       |       |       |       |     6 |       |     1 ||     7
       Phantom mirror    |       |       |       |       |       |       |       |     1 |       ||     1
       Condenser vane    |       |       |       |       |       |       |       |     1 |     2 ||     3
       Lightning rod     |       |       |       |       |       |       |       |       |     2 ||     2
  Use: Scroll            |       |       |     7 |     3 |     4 |     4 |     5 |     3 |    12 ||    38
       Potion            |       |       |       |     4 |       |     5 |     1 |     1 |    10 ||    21
 Stab: Sleeping          |     1 |     5 |     2 |     3 |     6 |     4 |     9 |     6 |    20 ||    56
       Distracted        |       |       |       |       |       |     3 |     1 |       |    13 ||    17
       Paralysed         |       |       |       |       |       |       |     3 |       |       ||     3
Armor: Skin              |       |     1 |    19 |    92 |   522 |   623 |   294 |   155 |   229 ||  1935
Dodge: Dodged            |    14 |    28 |    96 |   233 |   807 |   948 |   596 |   528 |   890 ||  4140
Block: Kite shield       |       |       |       |       |       |   767 |   699 |   418 |  1102 ||  2986
       Reflection        |       |       |       |       |       |       |       |       |    70 ||    70
